 Dungeon Crawl Stone Soup version 0.23.0-3-gf3c87f2 (webtiles) character file.

Game seed: 14306749918826083919

161 Monsterracer the Cutter (level 5, -1/29 HPs)
             Began as a Deep Elf Transmuter on Feb 22, 2019.
             Was a Follower of Vehumet.
             Slain by a phantom (5 damage)
             ... on level 3 of the Dungeon.
             The game lasted 00:05:55 (3834 turns).

Monsterracer the Cutter (Deep Elf Transmuter)       Turns: 3834, Time: 00:05:55

Health: -1/29      AC:  3    Str:  7    XL:     5   Next: 19%
Magic:  13/20      EV: 13    Int: 19    God:    Vehumet [*.....]
Gold:   173        SH:  0    Dex: 15    Spells: 7/10 levels left

rFire    . . .     SeeInvis .   h - +2 short sword (drain)
rCold    + . .     Gourm    .   (no shield)
rNeg     . . .     Faith    .   b - +1 robe
rPois    .         Spirit   .   (no helmet)
rElec    .         Reflect  .   (no cloak)
rCorr    .         Harm     .   (no gloves)
MR       .....                  (no boots)
Stlth    +.........             (no amulet)
HPRegen  0.09/turn              C - ring of protection from cold
MPRegen  0.17/turn              l - ring of magical power

@: no status effects
A: no striking features
a: Renounce Religion


You were on level 3 of the Dungeon.
You worshipped Vehumet.
Vehumet was aware of your devotion.
You were not hungry.

You visited 1 branch of the dungeon, and saw 4 of its levels.

You collected 173 gold pieces.

Inventory:

Hand Weapons
 h - a +2 short sword of draining (weapon)
   (You found it on level 1 of the Dungeon)
Missiles
 a - 9 arrows
Armour
 b - a +1 robe (worn)
Jewellery
 l - a ring of magical power (right hand)
   (You found it on level 3 of the Dungeon)
 C - a ring of protection from cold (left hand)
   (You found it on level 2 of the Dungeon)
Scrolls
 o - a scroll of amnesia
 t - 3 scrolls of teleportation {!r}
Potions
 d - a potion of heal wounds
 e - a potion of curing
 g - 2 potions of resistance
 i - a potion of berserk rage {!q}
 j - a potion of magic
 k - a potion of might {unknown}
Comestibles
 c - 8 rations


   Skills:
 - Level 1.4 Fighting
 - Level 4.0 Short Blades
 - Level 2.6 Dodging
 - Level 2.4 Unarmed Combat
 - Level 3.0 Spellcasting
 + Level 1.1 Conjurations
 - Level 2.3 Transmutations
 + Level 1.1 Fire Magic


You had 7 spell levels left.
You knew the following spells:

 Your Spells              Type           Power        Failure   Level  Hunger
a - Flame Tongue          Conj/Fire      #....        10%         1    None
b - Sticks to Snakes      Tmut           ##......     9%          2    ##.....

Your spell library contained the following spells:

 Spells                   Type           Power        Failure   Level  Hunger
 Beastly Appendage        Tmut           ##....       6%          1    None
 Spider Form              Tmut/Pois      #.........   28%         3    ###....
 Ice Form                 Ice/Tmut       #.......     67%         4    ####...
 Blade Hands              Tmut           ##........   85%         5    ######.


Dungeon Overview and Level Annotations

Branches:
Dungeon (4/15)
 Temple: D:4-7

Altars:
Elyvilon
Makhleb
Uskayaw
Vehumet
Wu Jian


Message History

Confirm with . or Enter, or press ? or * to list all spells.
Aiming: Flame Tongue (safe; 10% risk of failure)
Press: ? - help, Shift-Dir - straight line, f/p - phantom
Aim: a phantom (lightly damaged)
The flame tongue hits the phantom.
The phantom is moderately damaged.
The phantom hits you!
* * * LOW HITPOINT WARNING * * *
You take 9 damage, and have 12/29 hp.
MASSIVE DAMAGE!!
You now have 18/20 mp.
MP restored: 20
There is a stone staircase leading up here.
The phantom hits you.
* * * LOW HITPOINT WARNING * * *
You climb upwards.
There is a stone staircase leading down here.
Unknown command.
Unknown command.
You take 3 damage, and have 10/29 hp.
The phantom blinks!
You see here a dagger.
Casting: Flame Tongue (safe; 10% risk of failure)
Confirm with . or Enter, or press ? or * to list all spells.
You can't see any susceptible monsters within range! (Use Z to cast anyway.)
Casting: Flame Tongue (safe; 10% risk of failure)
Confirm with . or Enter, or press ? or * to list all spells.
Aiming: Flame Tongue (safe; 10% risk of failure)
Press: ? - help, Shift-Dir - straight line, f - phantom
Aim: a phantom (moderately damaged)
The flame tongue hits the phantom.
The phantom is moderately damaged.
You now have 19/20 mp.
Casting: Flame Tongue (safe; 10% risk of failure)
Confirm with . or Enter, or press ? or * to list all spells.
Aiming: Flame Tongue (safe; 10% risk of failure)
Press: ? - help, Shift-Dir - straight line, f/p - phantom
Aim: a phantom (moderately damaged)
The flame tongue hits the phantom!
The phantom is heavily damaged.
You now have 18/20 mp.
Casting: Flame Tongue (safe; 10% risk of failure)
Confirm with . or Enter, or press ? or * to list all spells.
Aiming: Flame Tongue (safe; 10% risk of failure)
Press: ? - help, Shift-Dir - straight line, f/p - phantom
Aim: a phantom (heavily damaged)
The flame tongue misses the phantom.
The phantom completely misses you.
You now have 17/20 mp.
Casting: Flame Tongue (safe; 10% risk of failure)
Confirm with . or Enter, or press ? or * to list all spells.
Aiming: Flame Tongue (safe; 10% risk of failure)
Press: ? - help, Shift-Dir - straight line, f/p - phantom
Aim: a phantom (heavily damaged)
The flame tongue misses the phantom.
The phantom hits you!
* * * LOW HITPOINT WARNING * * *
You take 8 damage, and have 3/29 hp.
MASSIVE DAMAGE!!
You now have 16/20 mp.
The phantom hits you but does no damage.
The phantom blinks!
All of the chunks of flesh in your inventory have rotted away.
Casting: Flame Tongue (safe; 10% risk of failure)
Confirm with . or Enter, or press ? or * to list all spells.
Aiming: Flame Tongue (safe; 10% risk of failure)
Press: ? - help, Shift-Dir - straight line, f/p - phantom
Aim: a phantom (heavily damaged)
The flame tongue hits the phantom!
The phantom is severely damaged.
You now have 16/20 mp.
Casting: Flame Tongue (safe; 10% risk of failure)
Confirm with . or Enter, or press ? or * to list all spells.
Aiming: Flame Tongue (safe; 10% risk of failure)
Press: ? - help, Shift-Dir - straight line, f/p - phantom
Aim: a phantom (severely damaged)
The flame tongue hits the phantom.
The phantom is severely damaged.
You now have 15/20 mp.
The phantom blinks!
The phantom blinks!
Casting: Flame Tongue (safe; 10% risk of failure)
Confirm with . or Enter, or press ? or * to list all spells.
Aiming: Flame Tongue (safe; 10% risk of failure)
Press: ? - help, Shift-Dir - straight line, f/p - phantom
Aim: a phantom (severely damaged)
The flame tongue hits the phantom.
The phantom is severely damaged.
You now have 15/20 mp.
Casting: Flame Tongue (safe; 10% risk of failure)
Confirm with . or Enter, or press ? or * to list all spells.
Aiming: Flame Tongue (safe; 10% risk of failure)
Press: ? - help, Shift-Dir - straight line, f/p - phantom
Aim: a phantom (severely damaged)
The flame tongue hits the phantom.
The phantom is almost destroyed.
You now have 14/20 mp.
Casting: Flame Tongue (safe; 10% risk of failure)
Confirm with . or Enter, or press ? or * to list all spells.
Aiming: Flame Tongue (safe; 10% risk of failure)
Press: ? - help, Shift-Dir - straight line, f/p - phantom
Aim: a phantom (almost destroyed)
The flame tongue hits the phantom but does no damage.
The phantom is almost destroyed.
The phantom hits you.
You die...

##...#.#.... #..#.#.#.#..
#..#.....#.. #..#######..
################# #...........
#...............# ##......[...
#.############.## #..........
#.#........###.## #..........
#.#.######....@.# #######....
#.#.# #....W.# #.... #.#.#
#####.....###########...)
#.#.###..>.)...................
#.#...#.#.#.....#########......
#.#.#_#)#......................
###.###.#.###.....#########...###
........#.# #.................#
.##.##..#.# #.................#


You could see a phantom.

Vanquished Creatures
  A crimson imp (D:2)
  A hound skeleton (D:4)
  4 adders (D:1 D:2 D:3 D:4)
  6 worms (D:2 D:3)
  A dart slug (D:1)
  3 leopard geckos (D:2 D:3)
  4 orcs (D:3)
  9 bats (D:1 D:2 D:3)
  7 goblins (D:1 D:2 D:3)
  7 hobgoblins (D:1 D:2 D:3)
  A quokka (D:2)
  A ball python (D:1)
  6 frilled lizards (D:1 D:2 D:3)
  3 kobolds (D:1 D:3)
  6 rats (D:1 D:2 D:3)
60 creatures vanquished.

Vanquished Creatures (collateral kills)
  A kobold (D:3)
1 creature vanquished.

Grand Total: 61 creatures vanquished

Notes
Turn   | Place    | Note
-------+----------+-------------------------------------------
     0 | D:1      | Monsterracer the Deep Elf Transmuter began the quest for
                  | the Orb.
     0 | D:1      | Reached XP level 1. HP: 11/11 MP: 6/6
   218 | D:1      | HP: 5/11 [hobgoblin/+0 club (3)]
   222 | D:1      | Reached skill level 1 in Fighting
   530 | D:1      | Reached skill level 1 in Short Blades
   571 | D:1      | Reached XP level 2. HP: 16/16 MP: 8/8
  1092 | D:1      | HP: 8/16 [adder (2)]
  1100 | D:1      | Reached skill level 2 in Short Blades
  1101 | D:1      | HP: 8/16 [poisoned by an adder]
  1109 | D:1      | HP: 6/16 [poisoned by an adder]
  1114 | D:1      | HP: 4/16 [poisoned by an adder]
  1119 | D:1      | HP: 3/16 [poisoned by an adder]
  1408 | D:1      | Learned a level 2 spell: Sticks to Snakes
  1436 | D:2      | Found an ornate altar of the Wu Jian Council.
  1457 | D:2      | HP: 8/16 [bat (1)]
  1466 | D:2      | Reached XP level 3. HP: 6/20 MP: 6/9
  1943 | D:2      | HP: 8/20 [crimson imp (3)]
  1949 | D:2      | HP: 6/20 [crimson imp (3)]
  1958 | D:2      | Reached skill level 3 in Short Blades
  1958 | D:2      | Reached XP level 4. HP: 8/25 MP: 10/10
  2486 | D:2      | Found a radiant altar of Vehumet.
  2487 | D:2      | Found a burning altar of Makhleb.
  2498 | D:2      | Became a worshipper of Vehumet
  2698 | D:3      | Found a white marble altar of Elyvilon.
  2945 | D:3      | Reached skill level 4 in Short Blades
  3107 | D:3      | Reached * piety under Vehumet
  3107 | D:3      | Offered knowledge of Flame Tongue by Vehumet.
  3123 | D:3      | Learned a level 1 spell: Flame Tongue
  3228 | D:3      | Found a hide-covered altar of Uskayaw.
  3394 | D:3      | Reached XP level 5. HP: 27/29 MP: 11/11
  3721 | D:4      | Reached skill level 1 in Conjurations
  3721 | D:4      | Reached skill level 1 in Fire Magic
  3789 | D:4      | Noticed a phantom
  3799 | D:4      | HP: 12/29 [phantom (9)]
  3812 | D:4      | HP: 10/29 [phantom (3)]
  3822 | D:3      | HP: 3/29 [phantom (8)]
  3834 | D:3      | Slain by a phantom

Skill      XL: |  1  2  3  4  5 |
---------------+----------------+-----
Fighting       | 1 |  1.4
Short Blades   | 1 2 3 4 |  4.0
Conjurations   | 1 |  1.1
Fire Magic     | 1 |  1.1
Dodging        | |  2.6
Unarmed Combat | |  2.4
Spellcasting   | |  3.0
Transmutations | |  2.3

Action                   |  1- 3 |  4- 6 || total
-------------------------+-------+-------++-------
Melee: Short sword       |    86 |   115 ||   201
       Unarmed           |     7 |       ||     7
       Kick              |     2 |       ||     2
       Punch             |       |     1 ||     1
 Cast: Beastly Appendage |     2 |       ||     2
       Sticks to Snakes  |     2 |     1 ||     3
       Flame Tongue      |       |    11 ||    11
  Use: Scroll            |     2 |     4 ||     6
       Potion            |     2 |     1 ||     3
 Stab: Sleeping          |     1 |     1 ||     2
  Eat: Ration            |     1 |       ||     1
       Chunk             |       |     6 ||     6
Armor: Robe              |    14 |    20 ||    34
Dodge: Dodged            |    72 |    79 ||   151

Levels and vault maps discovered:
D:1:      minmay_arrival_shoal_huts, layout_basic
D:2:      layout_rooms, gammafunk_temple_overflow_pools, lemuel_crystal_altar,
          first_ration
D:3:      layout_basic, eat_drink_and_be_merry_uskayaw,
          overflow_temple_1_default, minmay_checkerbox
D:4:      layout_loops_ring, okawaru_metal_pillars_1_2, minmay_cut_off
